 Dungeon Crawl Stone Soup version 0.21.1-1-g345015f (webtiles) character file.

46 inc the Scratcher (level 3, -1/15 HPs)
             Began as a Felid Transmuter on Mar 13, 2018.
             Slain by a jackal (2 damage)
             ... on level 1 of the Dungeon.
             The game lasted 00:01:04 (957 turns).

inc the Scratcher (Felid Transmuter)                 Turns: 957, Time: 00:01:05

Health: -1/15      AC:  1    Str:  6    XL:     3   Next: 46%
Magic:  7/7        EV: 18    Int: 15    God:
Gold:   63         SH:  0    Dex: 16    Spells: 5/6 levels left
                                        Lives:  0   Deaths: 0

rFire    . . .     SeeInvis +     - Unarmed
rCold    . . .     Gourm    .   (shield unavailable)
rNeg     . . .     Faith    .   (armour unavailable)
rPois    .         Spirit   .   (helmet unavailable)
rElec    .         Reflect  .   (cloak unavailable)
rCorr    .         Harm     .   (gloves unavailable)
MR       .....                  (boots unavailable)
Stlth    ++........             (no amulet)
HPRegen  0.05/turn              (no ring)
MPRegen  0.10/turn              (no ring)

@: quick
A: very small, no armour, no weapons or thrown items, stealth, claws 1, fangs 3,
see invisible, carnivore, speed 1, shaggy fur 1, slow metabolism 1, sharp paws
a: no special abilities


You were on level 1 of the Dungeon.
You were not hungry.

You visited 1 branch of the dungeon, and saw 2 of its levels.

You collected 63 gold pieces.

Inventory:

Missiles
 a - 29 arrows
Jewellery
 d - an uncursed amulet of the gourmand
Scrolls
 e - a scroll of remove curse {unknown}
 f - a scroll of magic mapping {unknown}
 g - a scroll of enchant armour {unknown}
 k - 2 scrolls of identify {unknown}
Potions
 h - a potion of lignification {unknown}
 i - a potion of agility {unknown}
 j - a potion of haste {unknown}
Books
 b - a book of Changes

   Spells                             Type                      Level
   a - Beastly Appendage              Transmutation                1
   b - Sticks to Snakes               Transmutation                2
   c - Spider Form                    Transmutation/Poison         3
   d - Ice Form                       Ice/Transmutation            4
   e - Blade Hands                    Transmutation                5
Comestibles
 c - 2 rations


   Skills:
 - Level 1.0 Fighting
 - Level 2.6 Dodging
 + Level 4.5 Unarmed Combat
 - Level 2.0 Spellcasting
 - Level 2.1 Transmutations


You had 5 spell levels left.
You knew the following spells:

 Your Spells              Type           Power        Failure   Level  Hunger
a - Beastly Appendage     Tmut           #.....       9%          1    #......


Dungeon Overview and Level Annotations

Branches:
Dungeon (2/15)

Altars:


Innate Abilities, Weirdness & Mutations

You cannot wear armour.
You are incapable of wielding weapons or throwing items.
Your paws allow you to move quietly. (Stealth)
You have sharp claws.
You have razor-sharp teeth.
You have supernaturally acute eyesight. (SInv)
You are carnivorous and can eat meat at any time.
You cover ground quickly.
You are covered in fur. (AC +1)
You have a slow metabolism.
Your sharp claws are effective at attacking unaware monsters.


Message History

The jackal misses you.
You closely miss the jackal. The jackal barely misses you.
The jackal bites you. The jackal completely misses you.
A kobold comes into view. It is wielding a club.
The kobold shouts!
You scratch the jackal.
The jackal is moderately wounded.
The jackal closely misses you. The goblin hits you with a dagger.
The jackal bites you but does no damage.
The jackal bites you.
* * * LOW HITPOINT WARNING * * *
The jackal bites you.
* * * LOW HITPOINT WARNING * * *
There is a stone staircase leading up here.
The jackal misses you.
You climb upwards.
There is a stone staircase leading down here.
Unknown command.
The jackal bites you.
You die...

#######
#...@h## #
#.###..#####
# ### ##.#
##.....## ##
#.# #..#
#####..####
#. #.###.##
##....#####.
#......#
####.......
##.....###
######..
###.....####
#######.#
##.##....#
#.......#


You could see a jackal.

Vanquished Creatures
  2 oozes (D:1)
  A worm (D:2)
  A leopard gecko (D:2)
  3 goblins
  5 hobgoblins
  4 jackals
  4 kobolds
  6 bats
  2 frilled lizards (D:1)
  6 rats
34 creatures vanquished.

Notes
Turn   | Place    | Note
-------+----------+-------------------------------------------
     0 | D:1      | inc the Felid Transmuter began the quest for the Orb.
     0 | D:1      | Reached XP level 1. HP: 9/9 MP: 4/4
   240 | D:1      | Reached XP level 2. HP: 12/12 MP: 6/6
   468 | D:1      | Reached skill level 4 in Unarmed Combat
   596 | D:1      | Reached XP level 3. HP: 15/15 MP: 7/7
   957 | D:1      | Slain by a jackal

Skill      XL: |  1  2 |
---------------+-------+-----
Unarmed Combat | 4 |  4.5
Fighting       | |  1.0
Dodging        | |  2.6
Spellcasting   | |  2.0
Transmutations | |  2.1

Action                   || total
-------------------------++-------
Melee: Unarmed           ||    99
       Bite              ||     7
       Punch             ||     1
 Stab: Sleeping          ||     3
  Eat: Chunk             ||     1
Armor: Skin              ||     3
Dodge: Dodged            ||    84
